 Dungeon Crawl Stone Soup version 0.26-a0-30-g56b8cd3df0 (webtiles) character file.

Game seed: 9250763873888476015, levelgen mode: deterministic

277 Apogee the Conjurer (level 5, 0/38 HPs)
             Began as a Demigod Conjurer on June 1, 2020.
             Slain by a scorpion (4 damage)
             ... on level 4 of the Dungeon.
             The game lasted 00:09:35 (3369 turns).

Apogee the Conjurer (Demigod Conjurer)              Turns: 3369, Time: 00:09:36

Health: 0/38       AC:  5    Str: 11    XL:     5   Next: 74%
Magic:  0/13       EV: 12    Int: 21    God:
Gold:   147        SH:  0    Dex: 16    Spells: 8/11 levels left

rFire    . . .     SeeInvis .   d - +0 dagger
rCold    . . .     Gourm    .   (no shield)
rNeg     . . .     Faith    .   o - +0 leather armour
rPois    .         Spirit   .   (no helmet)
rElec    .         Reflect  .   (no cloak)
rCorr    .         Harm     .   l - +0 pair of gloves
MR       .....                  k - +0 pair of boots
Stlth    ++........             (no amulet)
HPRegen  0.12/turn              (no ring)
MPRegen  0.13/turn              (no ring)

@: lethally poisoned (0 -> -29)
A: high mp 1
a: no special abilities


You were on level 4 of the Dungeon.
You were not hungry.

You visited 1 branch of the dungeon, and saw 4 of its levels.

You collected 147 gold pieces.

Inventory:

Hand Weapons
 d - a +0 dagger (weapon)
 m - a +0 mace of draining
 n - a +0 short sword
 t - a +0 whip of flaming
Missiles
 r - 8 atropa-tipped darts (quivered)
Armour
 a - a +0 robe
 k - a +0 pair of boots (worn)
 l - a +0 pair of gloves (worn)
 o - a +0 leather armour (worn)
Jewellery
 f - an uncursed ring of resist corrosion {unknown}
Wands
 q - a wand of flame (10)
Scrolls
 b - a scroll of blinking {unknown}
 e - 2 scrolls of identify {unknown}
 g - 4 scrolls of teleportation {unknown}
 i - 2 scrolls of amnesia {unknown}
 j - a scroll of enchant armour {unknown}
 p - a scroll of fear {unknown}
 s - a scroll of magic mapping {unknown}
 u - a scroll of remove curse {unknown}
Potions
 h - a potion of curing
Comestibles
 c - 6 rations


   Skills:
 - Level 1.8 Dodging
 - Level 1.8 Stealth
 + Level 3.7 Spellcasting
 + Level 5.5 Conjurations


You had 8 spell levels left.
You knew the following spells:

 Your Spells              Type           Power        Failure   Level  Hunger
a - Magic Dart            Conj           ####         1%          1    None
b - Searing Ray           Conj           ####..       2%          2    ##.....

Your spell library contained the following spells:

 Spells                   Type           Power        Failure   Level  Hunger
 Dazzling Flash           Conj/Hex       ###...       16%         3    ###....
 Fulminant Prism          Conj/Hex       ###.......   45%         4    ####...
 Iskenderun's Mystic Bla  Conj/Tloc      ###.....     45%         4    ####...


Dungeon Overview and Level Annotations

Branches:
Dungeon (4/15)
 Temple: D:4-7

Annotations:
D:1 1 runed translucent door


Innate Abilities, Weirdness & Mutations

You have an increased reservoir of magic. (+10% MP)


Message History

Casting: Magic Dart (safe; 1% risk of failure)
Confirm with . or Enter, or press ? or * to list all spells.
Aiming: Magic Dart (safe; 1% risk of failure)
Press: ? - help, Shift-Dir - straight line, f/p - scorpion
Aim: a scorpion (moderately wounded)
The magic dart hits the scorpion but does no damage.
The scorpion is moderately wounded.
* * * LOW HITPOINT WARNING * * *
You feel very sick.
The scorpion stings you but does no damage.
Casting: Magic Dart (safe; 1% risk of failure)
Confirm with . or Enter, or press ? or * to list all spells.
Aiming: Magic Dart (safe; 1% risk of failure)
Press: ? - help, Shift-Dir - straight line, f/p - scorpion
Aim: a scorpion (lightly wounded)
The magic dart hits the scorpion.
The scorpion is moderately wounded.
* * * LOW HITPOINT WARNING * * *
You feel sick. The scorpion stings you.
You die...

##...... #......#
####.##.#.# ..##.##.#.#
#.##.##.#.#
#.##.##.#.########
#.##.##.#.##...(.. ..#
#.##......##.#####
.....#@#####.##...#####
...>..s†......##........
.#.....######.......####
....... #.###...####
.#..... #.###.......
#..(.. #.##..#.####
##...# #.##.##.# #...#
###.##.##.#
#.<.#####.........####


You could see a scorpion.

Vanquished Creatures
  A phantom (D:3)
  A hound (D:4)
  Natasha (twice) (D:4)
  4 adders
  A worm (D:3)
  A dart slug (D:4)
  3 leopard geckos
  5 orcs (D:3)
  2 ball pythons
  2 giant cockroaches
  7 goblins
  8 hobgoblins
  3 jackals (D:3)
  9 bats
  6 frilled lizards
  7 kobolds
  4 rats
66 creatures vanquished.

Notes
Turn   | Place    | Note
-------+----------+-------------------------------------------
     0 | D:1      | Apogee the Demigod Conjurer began the quest for the Orb.
     0 | D:1      | Reached XP level 1. HP: 14/14 MP: 5/5
     1 | D:1      | Found a runed translucent door.
   441 | D:1      | Reached XP level 2. HP: 20/20 MP: 5/7
   564 | D:1      | Reached skill level 4 in Conjurations
  1154 | D:2      | Found a basalt altar of Yredelemnul.
  1769 | D:3      | Reached XP level 3. HP: 26/26 MP: 6/9
  1881 | D:3      | Noticed a phantom
  2385 | D:3      | Reached XP level 4. HP: 33/33 MP: 6/10
  2768 | D:3      | Found a sparkling altar of Nemelex Xobeh.
  2831 | D:3      | Killed a phantom
  2831 | D:3      | Reached skill level 5 in Conjurations
  2831 | D:3      | Reached XP level 5. HP: 32/38 MP: 0/12
  3054 | D:4      | Learned a level 2 spell: Searing Ray
  3079 | D:4      | Noticed Natasha
  3092 | D:4      | Killed Natasha
  3103 | D:4      | Noticed Natasha
  3113 | D:4      | Killed Natasha
  3369 | D:4      | Slain by a scorpion

Illustrated notes

Levels and vault maps discovered:
D:1:      dpeg_arrival_caged_fury, layout_basic
D:2:      layout_basic, yredelemnul_altar_generic
D:3:      layout_basic, nemelex_diamond_rough_becter
D:4:      layout_loops_cross, minmay_temple_entry_enclosed_plants, uniq_duvessa,
          uniq_natasha, uniq_sigmund

Skill      XL: |  1  2  3  4 |
---------------+-------------+-----
Spellcasting   | 2 3 |  3.7
Conjurations   | 4 5 |  5.5
Dodging        | |  1.8
Stealth        | |  1.8

Action                   |  1- 3 |  4- 6 || total
-------------------------+-------+-------++-------
Melee: Dagger            |    11 |    18 ||    29
 Cast: Magic Dart        |    94 |    70 ||   164
  Eat: Chunk             |     5 |     3 ||     8
Armor: Robe              |     2 |       ||     2
       Leather armour    |     1 |     6 ||     7
Dodge: Dodged            |    14 |    17 ||    31

Table legend:
 A = Non-vault XP
 B = Vault XP
 C = Vault XP percentage of total XP
 D = Non-vault monster count
 E = Vault monster count
 F = Vault count percentage of total count
                 A         B        C        D         E       F
            +---------+---------+-------+---------+---------+-------
      Total |     361 |      35 |   8.8 |      65 |       1 |   1.5
            +---------+---------+-------+---------+---------+-------
        D:1 |      31 |       0 |   0.0 |      19 |       0 |   0.0
        D:2 |      16 |       0 |   0.0 |       9 |       0 |   0.0
        D:3 |     211 |       0 |   0.0 |      30 |       0 |   0.0
        D:4 |     103 |      35 |  25.4 |       7 |       1 |  12.5
            +---------+---------+-------+---------+---------+-------
